 Dungeon Crawl Stone Soup version 0.26.0-10-g1f06aea511 (webtiles) character file.

Game seed: 9610692044013266871

19 inc the Vexing (level 2, -1/11 HPs)
             Began as a Felid Enchanter on Feb 1, 2021.
             Slain by a goblin
             ... wielding a +0 club
              (5 damage)
             ... on level 1 of the Dungeon.
             The game lasted 00:00:58 (1475 turns).

inc the Vexing (Felid Enchanter)                    Turns: 1475, Time: 00:00:58

Health: -1/11      AC:  1    Str:  4    XL:     2   Next: 55%
Magic:  6/6        EV: 18    Int: 16    God:
Gold:   12         SH:  0    Dex: 16    Spells: 4/5 levels left
                                        Lives:  0   Deaths: 0

rFire    . . .     SeeInvis +     - Unarmed
rCold    . . .     Faith    .   (shield unavailable)
rNeg     . . .     Spirit   .   (armour unavailable)
rPois    .         Reflect  .   (helmet unavailable)
rElec    .         Harm     .   (cloak unavailable)
rCorr    .         Rampage  .   (gloves unavailable)
Will     .....                  (boots unavailable)
Stlth    +++.......             (no amulet)
HPRegen  0.03/turn              (no ring)
MPRegen  0.10/turn              (no ring)

@: quick
A: very small, no armour, no weapons or thrown items, stealth, claws 1, fangs 3,
see invisible, speed 1, shaggy fur 1, sharp paws
a: no special abilities


You were on level 1 of the Dungeon.
You visited 1 branch of the dungeon, and saw 2 of its levels.

You collected 12 gold pieces.

Inventory:

Scrolls
 a - a scroll of enchant armour {unknown}
 d - a scroll of remove curse {unknown}
Potions
 b - a potion of haste {unknown}
 c - a potion of curing {unknown}
 e - a potion of berserk rage {unknown}
 f - a potion of might {unknown}


   Skills:
 - Level 2.6 Dodging
 - Level 4.0 Stealth
 + Level 2.6 Unarmed Combat
 - Level 2.0 Spellcasting
 - Level 4.4 Hexes


You had 4 spell levels left.
You knew the following spells:

 Your Spells              Type           Power        Failure   Level
a - Corona                Hex            16%          3%          1

Your spell library contained the following spells:

 Spells                   Type           Power        Failure   Level
 Confusing Touch          Hex            15%          11%         3
 Tukima's Dance           Hex            15%          11%         3
 Ensorcelled Hibernation  Hex/Ice        16%          13%         2
 Dazzling Flash           Conj/Hex       16%          26%         3


Dungeon Overview and Level Annotations

Branches:
Dungeon (2/15)

Altars:


Innate Abilities, Weirdness & Mutations

You cannot wear armour.
You are incapable of wielding weapons or throwing items.
Your paws allow you to move quietly. (Stealth)
You have sharp claws.
You have razor-sharp teeth.
You have supernaturally acute eyesight. (SInv)
You cover ground quickly.
You are covered in fur. (AC +1)
Your sharp claws are effective at attacking unaware monsters.


Message History

The goblin shouts!
The dart slug barely misses you.
You scratch the dart slug but do no damage.
The dart slug bites you.
You scratch the dart slug but do no damage.
You bite the dart slug.
The dart slug is lightly wounded.
You scratch the dart slug.
The dart slug is severely wounded.
The dart slug closely misses you. The goblin hits you with a +0 club.
The goblin misses you. The goblin barely misses you.
You scratch the goblin.
The goblin is heavily wounded.
The goblin hits you with a +0 club.
You scratch the goblin but do no damage.
The goblin is heavily wounded.
The goblin hits you with a +0 club.
You die...

....#......#...#.#
...........#.....#
#.......#........#
#<......#........#####
###...###............#
. ........#.....###. .
.......#...#.# .
##..(###..>#.#
.........##@#
########.##g###.###
#.##w......!
#(##.....###
#.##.##### #.##.# #
#.##.# ## #.##.#
.############.##.#


You could see a dart slug and a goblin.

Vanquished Creatures
  A dart slug (D:1)
  2 leopard geckos (D:1)
  A giant cockroach (D:1)
  3 goblins (D:1)
  A ball python (D:1)
  A frilled lizard (D:1)
  4 kobolds (D:1)
  4 rats (D:1)
17 creatures vanquished.

Vanquished Creatures (others)
  20 plants (D:1)
20 creatures vanquished.

Grand Total: 37 creatures vanquished

Notes
Turn   | Place    | Note
-------+----------+-------------------------------------------
     0 | D:1      | inc the Felid Enchanter began the quest for the Orb.
     0 | D:1      | Reached XP level 1. HP: 7/7 MP: 4/4
   757 | D:1      | Reached XP level 2. HP: 7/11 MP: 6/6
  1475 | D:1      | Slain by a goblin

Illustrated notes

Levels and vault maps discovered:
D:1:      minmay_arrival_open_corners, layout_loops_ring,
          lexackson_kobold_supper
D:2:      layout_basic, uniq_jessica

Skill      XL: |  1 |
---------------+----+-----
Unarmed Combat | 2 |  2.6
Dodging        | |  2.6
Stealth        | |  4.0
Spellcasting   | |  2.0
Hexes          | |  4.4

Action                   || total
-------------------------++-------
Melee: Unarmed           ||    75
       Bite              ||     3
       Punch             ||     1
 Stab: Sleeping          ||     3
Armor: Skin              ||     4
Dodge: Dodged            ||    55
